EVO
OHIO STATE UNIVERSITY BUCKEYES @ OKLAHOMA STATE UNIVERSITY COWBOYS
11/15/2045
 
TOP OF THE 1ST
University of Toronto Marlies batting - Pitching for Vanderbilt University Commodores : RHP Zack Rust
Pitching: RHP Zack Rust
Batting: RHB Fletcher Easter 0-0: Fly out, F7 (Flyball, 7S, EV 91.9 MPH)
Batting: LHB Augustin Cormier 0-0: Called Strike
0-1: Swinging Strike
0-2: SINGLE (Line Drive, 3D, EV 106.9 MPH)
Batting: SHB Alex Ethridge 0-0: Called Strike
0-1: Swinging Strike
0-2: Ball
1-2: Foul Ball, location: 2F
1-2: Fly out, F8 (Flyball, 8LM, EV 86.3 MPH)
Batting: SHB Dave Barefoot 0-0: Ball
1-0: Ball
2-0: Foul Ball, location: 2F
2-1: DOUBLE (Line Drive, 78M, EV 95.0 MPH)
Augustin Cormier to third
Batting: RHB Killian Jones 0-0: Ball
1-0: Ball
2-0: Ball
3-0: Called Strike
3-1: Foul Ball, location: 2F
3-2: Strikes out swinging
Top of the 1st over - 0 runs, 2 hits, 0 errors, 2 left on base; University of Toronto 0 - Vanderbilt University 0
BOTTOM OF THE 1ST
Vanderbilt University Commodores batting - Pitching for University of Toronto Marlies : RHP Jarred Young
Pitching: RHP Jarred Young
Batting: RHB Dieter Knoops 0-0: Foul Ball, location: 2F
0-1: Foul Ball, location: 2F
0-2: Foul Ball, location: 2F
0-2: Ground out 4-3 (Groundball, 4M, EV 87.5 MPH)
Batting: RHB Garrett Westwood 0-0: Ball
1-0: Ground out 6-3 (Groundball, 6, EV 103.1 MPH)
Batting: LHB Dave Reyes 0-0: Called Strike
0-1: Ball
1-1: Fly out, F9 (Flyball, 9S, EV 86.3 MPH)
Bottom of the 1st over - 0 runs, 0 hits, 0 errors, 0 left on base; University of Toronto 0 - Vanderbilt University 0
TOP OF THE 2ND
University of Toronto Marlies batting - Pitching for Vanderbilt University Commodores : RHP Zack Rust
Batting: SHB Jamel Wright 0-0: Called Strike
0-1: Swinging Strike
0-2: Strikes out looking
Batting: RHB Calvin Morin 0-0: Ball
1-0: Called Strike
1-1: SINGLE (Groundball, 4MD, EV 103.8 MPH)
Batting: RHB Jonathan Ridgely 0-0: Ball
1-0: Ball
2-0: Ball
3-0: Called Strike
3-1: Base on Balls
Calvin Morin to second
Batting: SHB Jarred Young 0-0: Sac Bunt to 2L - play at first, batter OUT! 2-4
Calvin Morin to third
Jonathan Ridgely to second
Batting: RHB Fletcher Easter 0-0: Swinging Strike
0-1: Ground out 5-3 (Groundball, 56, EV 81.9 MPH)
Top of the 2nd over - 0 runs, 1 hit, 0 errors, 2 left on base; University of Toronto 0 - Vanderbilt University 0
BOTTOM OF THE 2ND
Vanderbilt University Commodores batting - Pitching for University of Toronto Marlies : RHP Jarred Young
Batting: LHB Kenny Gerrity 0-0: Ball
1-0: Called Strike
1-1: Swinging Strike
1-2: Ground out 5-3 (Groundball, 56, EV 84.4 MPH)
Batting: RHB Stephen Faux 0-0: Ball
1-0: Fly out, F7 (Flyball, 78S, EV 86.9 MPH)
Batting: LHB Cesar Arteaga 0-0: Called Strike
0-1: Foul Ball, location: 2F
0-2: Ball
1-2: Foul Ball, location: 2F
1-2: Foul Ball, location: 2F
1-2: Fly out, F9 (Flyball, 9, EV 89.4 MPH)
Bottom of the 2nd over - 0 runs, 0 hits, 0 errors, 0 left on base; University of Toronto 0 - Vanderbilt University 0
TOP OF THE 3RD
University of Toronto Marlies batting - Pitching for Vanderbilt University Commodores : RHP Zack Rust
Batting: LHB Augustin Cormier 0-0: Called Strike
0-1: Swinging Strike
0-2: Strikes out looking
Batting: SHB Alex Ethridge 0-0: Called Strike
0-1: Foul Ball, location: 2F
0-2: Foul Ball, location: 2F
0-2: Ball
1-2: Foul Ball, location: 2F
1-2: SINGLE (Flyball, 7S, EV 87.5 MPH)
Batting: SHB Dave Barefoot 0-0: Called Strike
0-1: Fly out, F8 (Line Drive, 8LD, EV 88.1 MPH)
Batting: RHB Killian Jones Pickoff Throw to First - Error! E1
Alex Ethridge to second
0-0: Foul Ball, location: 2F
0-1: Foul Ball, location: 2F
0-2: Ball
1-2: SINGLE (Groundball, 56D, EV 100.0 MPH)
Alex Ethridge to third
Runner from 3rd tries for Home, SAFE, throw by LF to home
Killian Jones to second
Batting: SHB Jamel Wright 0-0: Ball
1-0: Called Strike
1-1: Called Strike
1-2: Foul Ball, location: 2F
1-2: Ball
2-2: Strikes out swinging, 2-3 out at first.
Top of the 3rd over - 1 run, 2 hits, 1 error, 1 left on base; University of Toronto 1 - Vanderbilt University 0
BOTTOM OF THE 3RD
Vanderbilt University Commodores batting - Pitching for University of Toronto Marlies : RHP Jarred Young
Batting: RHB Antonio Santos 0-0: Ball
1-0: Ground out 5-3 (Groundball, 5S, EV 85.6 MPH)
Batting: RHB Danny Gallo 0-0: Ball
1-0: Ground out 4-3 (Groundball, 4, EV 83.1 MPH)
Batting: RHB Zack Rust 0-0: Swinging Strike
0-1: Called Strike
0-2: Ball
1-2: Strikes out swinging
Bottom of the 3rd over - 0 runs, 0 hits, 0 errors, 0 left on base; University of Toronto 1 - Vanderbilt University 0
TOP OF THE 4TH
University of Toronto Marlies batting - Pitching for Vanderbilt University Commodores : RHP Zack Rust
Batting: RHB Calvin Morin 0-0: Ball
1-0: Swinging Strike
1-1: Fly out, F9 (Line Drive, 9D, EV 91.9 MPH)
Batting: RHB Jonathan Ridgely 0-0: Called Strike
0-1: Swinging Strike
0-2: Foul Ball, location: 2F
0-2: Foul Ball, location: 2F
0-2: Ball
1-2: Strikes out swinging
Batting: SHB Jarred Young 0-0: Ball
1-0: Ball
2-0: Ball
3-0: Called Strike
3-1: Ground out 6-3 (Groundball, 6M, EV 88.8 MPH)
Top of the 4th over - 0 runs, 0 hits, 0 errors, 0 left on base; University of Toronto 1 - Vanderbilt University 0
BOTTOM OF THE 4TH
Vanderbilt University Commodores batting - Pitching for University of Toronto Marlies : RHP Jarred Young
Batting: RHB Dieter Knoops 0-0: Ball
1-0: Ground out 1-3 (Groundball, 13S, EV 65.6 MPH)
Batting: RHB Garrett Westwood 0-0: Ground out 5-3 (Groundball, 5L, EV 101.9 MPH)
Batting: LHB Dave Reyes 0-0: Fly out, F9 (Flyball, 9S, EV 78.1 MPH)
Bottom of the 4th over - 0 runs, 0 hits, 0 errors, 0 left on base; University of Toronto 1 - Vanderbilt University 0
TOP OF THE 5TH
University of Toronto Marlies batting - Pitching for Vanderbilt University Commodores : RHP Zack Rust
Pitching: RHP Chase Schlong
Batting: RHB Fletcher Easter 0-0: Ball
1-0: Called Strike
1-1: Ball
2-1: Swinging Strike
2-2: Strikes out swinging
Batting: LHB Augustin Cormier 0-0: Called Strike
0-1: Called Strike
0-2: Foul Ball, location: 2F
0-2: Strikes out swinging passed ball, reaches first!
Batting: SHB Alex Ethridge 0-0: Ball
Pickoff Throw by Catcher to First - Out!
1-0: Foul Ball, location: 2F
1-1: Swinging Strike
1-2: Ball
2-2: Ball
3-2: Fly out, F8 (Flyball, 89M, EV 84.4 MPH)
Top of the 5th over - 0 runs, 0 hits, 0 errors, 0 left on base; University of Toronto 1 - Vanderbilt University 0
BOTTOM OF THE 5TH
Vanderbilt University Commodores batting - Pitching for University of Toronto Marlies : RHP Jarred Young
Pitching: RHP Isaiah Catchings
Batting: LHB Kenny Gerrity 0-0: Ball
1-0: Called Strike
1-1: Ball
2-1: SINGLE (Groundball, 25, EV 71.9 MPH) (infield hit)
Batting: RHB Stephen Faux 0-0: Called Strike
0-1: Fly out, F9 (Line Drive, 9, EV 91.3 MPH)
Batting: LHB Cesar Arteaga 0-0: Ball
Passed Ball!
Kenny Gerrity to second
1-0: Ball
2-0: Ball
3-0: Base on Balls
Batting: RHB Antonio Santos 0-0: Called Strike
0-1: Fly out, F9 (Flyball, 89M, EV 91.9 MPH)
Batting: RHB Danny Gallo 0-0: Swinging Strike
0-1: Swinging Strike
0-2: Strikes out looking
Bottom of the 5th over - 0 runs, 1 hit, 0 errors, 2 left on base; University of Toronto 1 - Vanderbilt University 0
TOP OF THE 6TH
University of Toronto Marlies batting - Pitching for Vanderbilt University Commodores : RHP Chase Schlong
Batting: SHB Dave Barefoot 0-0: Foul Ball, location: 2F
0-1: Called Strike
0-2: Ball
1-2: Foul Ball, location: 2F
1-2: Foul Ball, location: 2F
1-2: Foul Ball, location: 2F
1-2: Ball
2-2: Foul Ball, location: 2F
2-2: Foul Ball, location: 2F
2-2: Fly out, F7 (Flyball, 7D, EV 100.0 MPH)
Batting: RHB Killian Jones 0-0: Foul Ball, location: 2F
0-1: Ball
1-1: Foul Ball, location: 2F
1-2: Ball
2-2: Strikes out looking
Batting: SHB Jamel Wright 0-0: Ball
1-0: Ball
2-0: DOUBLE (Flyball, 8LXD, EV 97.5 MPH)
Batting: RHB Calvin Morin 0-0: Foul Ball, location: 2F
0-1: Called Strike
0-2: Strikes out looking
Top of the 6th over - 0 runs, 1 hit, 0 errors, 1 left on base; University of Toronto 1 - Vanderbilt University 0
BOTTOM OF THE 6TH
Vanderbilt University Commodores batting - Pitching for University of Toronto Marlies : RHP Isaiah Catchings
Pinch Hitting: RHB Sam Spohn 0-0: Foul Ball, location: 2F
0-1: Fly out, F9 (Flyball, 9, EV 79.4 MPH)
Batting: RHB Dieter Knoops 0-0: SINGLE (Line Drive, 4MD, EV 95.0 MPH)
Batting: RHB Garrett Westwood 0-0: Ball
1-0: Fly out, F9 (Flyball, 9LS, EV 80.0 MPH)
Batting: LHB Dave Reyes 0-0: Ball
1-0: SINGLE (Groundball, 5L, EV 104.4 MPH) (infield hit)
Dieter Knoops to second
Pinch Runner at 1st Kasey Bland:
Batting: LHB Kenny Gerrity 0-0: Called Strike
0-1: Swinging Strike
0-2: Foul Ball, location: 2F
0-2: Ball
1-2: Ball
2-2: SINGLE (Groundball, 25, EV 69.4 MPH) (infield hit)
Dieter Knoops to third
Kasey Bland to second
Batting: RHB Stephen Faux 0-0: Called Strike
0-1: Swinging Strike
0-2: Ball
1-2: Foul Ball, location: 2F
1-2: Ball
2-2: Foul Ball, location: 2F
2-2: Ball
3-2: Strikes out swinging
Bottom of the 6th over - 0 runs, 3 hits, 0 errors, 3 left on base; University of Toronto 1 - Vanderbilt University 0
TOP OF THE 7TH
University of Toronto Marlies batting - Pitching for Vanderbilt University Commodores : RHP Chase Schlong
Pitching: LHP Nigel Turner
Now in LF: Jon Nadeau
Batting: RHB Jonathan Ridgely 0-0: Called Strike
0-1: Ball
1-1: Called Strike
1-2: Ball
2-2: Strikes out looking
Batting: RHB Isaiah Catchings 0-0: Ball
1-0: Foul Ball, location: 2F
1-1: Ground out 4-3 (Groundball, 4, EV 107.5 MPH)
Pinch Hitting: RHB Justin Hampton 0-0: Called Strike
0-1: Ball
1-1: Ball
2-1: Fly out, F8 (Flyball, 78D, EV 96.3 MPH)
Top of the 7th over - 0 runs, 0 hits, 0 errors, 0 left on base; University of Toronto 1 - Vanderbilt University 0
BOTTOM OF THE 7TH
Vanderbilt University Commodores batting - Pitching for University of Toronto Marlies : RHP Isaiah Catchings
Pitching: RHP Leo Gonzales
Now at 2B: Dale Young
Batting: LHB Cesar Arteaga 0-0: Called Strike
0-1: Ball
1-1: Called Strike
1-2: Fly out, F9 (Line Drive, 9, EV 96.3 MPH)
Batting: RHB Antonio Santos 0-0: Ball
1-0: Ball
2-0: Ball
3-0: Called Strike
3-1: Called Strike
3-2: Foul Ball, location: 2F
3-2: Strikes out swinging, 2-3 out at first.
Batting: RHB Danny Gallo 0-0: Foul Ball, location: 2F
0-1: Called Strike
0-2: Foul Ball, location: 2F
0-2: Foul Ball, location: 2F
0-2: Ball
1-2: SINGLE (Line Drive, 89M, EV 102.5 MPH)
Pinch Hitting: RHB Gary Ming 0-0: Ball
1-0: Called Strike
1-1: Ball
2-1: Fly out, F9 (Flyball, 9LM, EV 99.4 MPH)
Bottom of the 7th over - 0 runs, 1 hit, 0 errors, 1 left on base; University of Toronto 1 - Vanderbilt University 0
TOP OF THE 8TH
University of Toronto Marlies batting - Pitching for Vanderbilt University Commodores : LHP Nigel Turner
Now in LF: Gary Ming
Pinch Hitting: RHB Andrew Nicol 0-0: Ball
1-0: Ball
2-0: Called Strike
2-1: Foul Ball, location: 2F
2-2: Strikes out swinging
Pinch Hitting: RHB Walt Cogswell 0-0: Called Strike
0-1: Called Strike
0-2: Ball
1-2: Foul Ball, location: 2F
1-2: Ball
2-2: Ball
3-2: Strikes out looking
Pinch Hitting: SHB Cesar Arteaga 0-0: Called Strike
0-1: Ball
1-1: Swinging Strike
1-2: Ball
2-2: Foul Ball, location: 2F
2-2: Strikes out swinging
Top of the 8th over - 0 runs, 0 hits, 0 errors, 0 left on base; University of Toronto 1 - Vanderbilt University 0
BOTTOM OF THE 8TH
Vanderbilt University Commodores batting - Pitching for University of Toronto Marlies : RHP Leo Gonzales
Now at 3B: Andrew Nicol
Now at SS: Fred Likens
Now in RF: David Barnard
Pinch Hitting: RHB Jaden Scott 0-0: Ball
1-0: Ball
2-0: Foul Ball, location: 2F
2-1: Foul Ball, location: 2F
2-2: Fly out, F9 (Flyball, 89M, EV 83.8 MPH)
Pinch Hitting: RHB Moritake Fukumoto 0-0: Fly out, F7 (Flyball, 7, EV 85.6 MPH)
Pinch Hitting: LHB Matthew Berry 0-0: SINGLE (Groundball, 5, EV 93.1 MPH) (infield hit)
Batting: LHB Kenny Gerrity 0-0: SINGLE (Groundball, 4MD, EV 95.6 MPH)
Matthew Berry to second
Pinch Hitting: LHB Mike Thomas 0-0: Ball
1-0: Foul Ball, location: 2F
1-1: SINGLE (Line Drive, 6MD, EV 101.9 MPH)
Matthew Berry to third
Kenny Gerrity to second
Batting: LHB Cesar Arteaga 0-0: Called Strike
0-1: Foul Ball, location: 2F
0-2: Strikes out looking
Bottom of the 8th over - 0 runs, 3 hits, 0 errors, 3 left on base; University of Toronto 1 - Vanderbilt University 0
TOP OF THE 9TH
University of Toronto Marlies batting - Pitching for Vanderbilt University Commodores : LHP Nigel Turner
Pitching: RHP Mike Bement
Now at C: Mike Thomas
Now at 1B: Moritake Fukumoto
Now at SS: Jaden Scott
Batting: RHB Killian Jones 0-0: Ball
1-0: Ball
2-0: Fly out, F4 (Popup, 34S, EV 86.3 MPH)
Pinch Hitting: RHB Dave Saldana 0-0: Ball
1-0: Ground out 6-3 (Groundball, 6, EV 95.0 MPH)
Pinch Hitting: RHB Justin Van Houten 0-0: Ball
1-0: Swinging Strike
1-1: Ground out 4-3 (Groundball, 34, EV 81.3 MPH)
Top of the 9th over - 0 runs, 0 hits, 0 errors, 0 left on base; University of Toronto 1 - Vanderbilt University 0
BOTTOM OF THE 9TH
Vanderbilt University Commodores batting - Pitching for University of Toronto Marlies : RHP Leo Gonzales
Pitching: RHP Brian Cates
Now in LF: Dave Calder
Now in RF: David Schweitzer
Pinch Hitting: SHB Jason Caruso 0-0: Called Strike
0-1: Called Strike
0-2: Strikes out swinging
Pitching: RHP Alfredo Sanchez
Pinch Hitting: LHB Josh Pittman 0-0: Swinging Strike
0-1: Foul Ball, location: 2F
0-2: Ball
1-2: Strikes out looking
Batting: RHB Gary Ming 0-0: Foul Ball, location: 2F
0-1: Swinging Strike
0-2: Strikes out looking
Bottom of the 9th over - 0 runs, 0 hits, 0 errors, 0 left on base; University of Toronto 1 - Vanderbilt University 0
Wednesday, June 22nd , 2022 - OOTP Baseball 23.4 Build 64